 Dungeon Crawl Stone Soup version 0.25-a0-634-gd1561dc703 (webtiles) character file.

Game seed: 11776837719834418966, levelgen mode: deterministic

69 DasRunzen the Poker (level 4, -3/37 HPs)
             Began as a Draconian Gladiator on Mar 20, 2020.
             Killed from afar by an orc wizard (4 damage)
             ... with a magic dart
             ... on level 2 of the Dungeon.
             The game lasted 00:05:38 (1295 turns).

DasRunzen the Poker (Draconian Gladiator)           Turns: 1295, Time: 00:05:38

Health: -3/37      AC:  5    Str: 17    XL:     4   Next: 2%
Magic:  6/6        EV: 17    Int:  9    God:
Gold:   37         SH:  0    Dex: 12    Spells: 5/5 levels left

rFire    . . .     SeeInvis .   a - +0 trident
rCold    . . .     Gourm    .   (no shield)
rNeg     . . .     Faith    .   (armour unavailable)
rPois    .         Spirit   .   b - +0 hat
rElec    .         Reflect  .   (no cloak)
rCorr    .         Harm     .   (no gloves)
MR       .....                  (no boots)
Stlth    +.........             (no amulet)
HPRegen  0.12/turn              f - +4 ring of evasion
MPRegen  0.10/turn              (no ring)

@: slowed, very slow
A: unfitting armour, cold-blooded, AC +5
a: no special abilities


You were on level 2 of the Dungeon.
You were hungry.

You visited 1 branch of the dungeon, and saw 3 of its levels.

You collected 37 gold pieces.

Inventory:

Hand Weapons
 a - a +0 trident (weapon)
Missiles
 c - 3 throwing nets (quivered)
Armour
 b - a +0 hat (worn)
Jewellery
 f - a +4 ring of evasion (left hand)
Scrolls
 e - a scroll of identify
Potions
 g - a potion of brilliance
Comestibles
 d - 4 rations
 h - a chunk of flesh


   Skills:
 + Level 2.9 Fighting
 + Level 3.6 Polearms
 - Level 1.7 Throwing
 + Level 3.2 Dodging
 + Level 1.4 Spellcasting


You had 5 spell levels left.
You didn't know any spells.
Your spell library was empty.

Dungeon Overview and Level Annotations

Branches:
Dungeon (3/15)

Altars:


Innate Abilities, Weirdness & Mutations

Your plain brown scales are hard. (AC +5)
You cannot fit into any form of body armour.
You are cold-blooded and may be slowed by cold attacks.


Message History

You are feeling hungry.
You closely miss the orc.
The orc wizard gestures at you while chanting.
The magic dart hits you. The orc hits you.
* * * LOW HITPOINT WARNING * * *
The orc wizard gestures at you while chanting.
You feel yourself slow down.
You closely miss the orc. You tail-slap the orc.
The orc is lightly wounded.
The orc hits you.
* * * LOW HITPOINT WARNING * * *
The orc barely misses you. The orc barely misses you.
The orc wizard points at you and mumbles some strange words.
The magic dart hits you.
* * * LOW HITPOINT WARNING * * *
The orc wizard hits you but does no damage.
The orc wizard casts a spell at you. The magic dart hits you.
You die...

### #.# ### ###.###.###
#.......@.# #.###..<#.# ####.#
#.#.#o# #....# #...#o#
#.########.#.#
######........#.#.#
..........###.#.#.############
.................>...........#
.######.....#.....#..........#


You could see an orc wizard and an orc.

Vanquished Creatures
  An adder (D:2)
  2 oozes (D:1)
  2 dart slugs (D:1)
  2 leopard geckos (D:1)
  An orc (D:2)
  A ball python (D:1)
  3 giant cockroaches (D:2)
  7 goblins
  3 hobgoblins
  2 kobolds
  2 quokkas (D:2)
  6 bats
  5 frilled lizards
  A leopard gecko skeleton (D:2)
  5 rats
43 creatures vanquished.

Notes
Turn   | Place    | Note
-------+----------+-------------------------------------------
     0 | D:1      | DasRunzen the Draconian Gladiator began the quest for the
                  | Orb.
     0 | D:1      | Reached XP level 1. HP: 17/17 MP: 1/1
     9 | D:1      | Noticed a centaur
    37 | D:1      | Reached XP level 2. HP: 25/25 MP: 2/2
   251 | D:1      | Reached skill level 1 in Spellcasting
   336 | D:1      | Reached XP level 3. HP: 30/30 MP: 4/4
  1232 | D:2      | Reached XP level 4. HP: 35/37 MP: 6/6
  1293 | D:2      | HP: 1/37 [orc wizard/magic dart (4)]
  1295 | D:2      | Killed from afar by an orc wizard

Levels and vault maps discovered:
D:1:      evilmike_arrival_come_back, layout_loops_ring, serial_bayou,
          serial_bayou_pond_d, serial_bayou_pond_d, serial_bayou_pond_a,
          serial_bayou_lagoon_a, palyth_stone_intersect
D:2:      layout_basic
D:3:      layout_basic, overflow_temple_1_default, serial_undead,
          serial_undead_f, serial_undead_e, serial_undead_b, serial_undead_b,
          uniq_grinder

Skill      XL: |  1  2 |
---------------+-------+-----
Dodging        | 3 |  3.2
Spellcasting   | 1 |  1.4
Fighting       | |  2.9
Polearms       | |  3.6
Throwing       | |  1.7

Action                   |  1- 3 |  4- 6 || total
-------------------------+-------+-------++-------
Melee: Trident           |   131 |    18 ||   149
       Tailslap          |    12 |     3 ||    15
  Use: Scroll            |     6 |       ||     6
 Stab: Sleeping          |     5 |       ||     5
  Eat: Chunk             |     1 |       ||     1
Armor: Skin              |    22 |     4 ||    26
Dodge: Dodged            |    60 |    15 ||    75

Table legend:
 A = Non-vault XP
 B = Vault XP
 C = Vault XP percentage of total XP
 D = Non-vault monster count
 E = Vault monster count
 F = Vault count percentage of total count
                 A         B        C        D         E       F
            +---------+---------+-------+---------+---------+-------
      Total |      99 |       0 |   0.0 |      43 |       0 |   0.0
            +---------+---------+-------+---------+---------+-------
        D:1 |      54 |       0 |   0.0 |      23 |       0 |   0.0
        D:2 |      45 |       0 |   0.0 |      20 |       0 |   0.0
            +---------+---------+-------+---------+---------+-------
